[Event "Late Titled Tuesday Blitz February 8 2022"]
[White "Dourerassou, Jonathan"]
[Black "Kubatko, Ivan"]
[WhiteFideId "628050"]
[BlackFideId "24111473"]
[WhiteElo "2513"]
[BlackElo "2285"]
[Result "1-0"]
[Round "02"]
[TimeControl "180+1"]
[Date "2022.02.09"]
[WhiteClock "0:02:25"]
[BlackClock "0:02:04"]

1. b3 d5 2. Bb2 c5 3. e3 Nc6 4. Nf3 Bg4 5. Bb5 Qb6 6. Bxc6+ Qxc6 7. O-O Nf6 8. d4 e6 9. Nbd2 Bd6 10. h3 Bh5 11. dxc5 Qxc5 12. c4 O-O 13. Bd4 Qc7 14. Bxf6 gxf6 15. cxd5 exd5 16. Rc1 Qe7 17. Qc2 Bg6 18. Qc3 Rfc8 19. Qd4 Qe6 20. Qh4 Ba3 21. Nd4 Qa6 22. Rxc8+ Rxc8 23. Qg4 Rc1 24. Rxc1 Bxc1 25. Qc8+ 1-0


[Site "https://www.chess.com"]

[Event "Late Titled Tuesday Blitz February 8 2022"]
[White "Einarsson, Halldor Gretar"]
[Black "Morris-Suzuki, Sophie"]
[WhiteFideId "2300150"]
[BlackFideId "30922615"]
[WhiteElo "2114"]
[BlackElo "2466"]
[Result "1-0"]
[Round "02"]
[TimeControl "180+1"]
[Date "2022.02.09"]
[WhiteClock "0:00:01"]
[BlackClock "0:00:04"]

1. d4 d5 2. Nf3 e6 3. c4 Nf6 4. g3 Be7 5. Bg2 O-O 6. O-O dxc4 7. Ne5 Nc6 8. Nxc6 bxc6 9. Na3 Bxa3 10. bxa3 Ba6 11. Qd2 Rb8 12. Qa5 Rb6 13. a4 Qe7 14. Bf4 Rfb8 15. Qc5 Qd7 16. Bd2 Nd5 17. Ba5 Rb2 18. e4 Nb6 19. e5 Bb7 20. Bc3 Nxa4 21. Qa3 Nxc3 22. Qxb2 Nb5 23. a4 Nxd4 24. Rfd1 c5 25. Bxb7 c6 26. Rab1 Qc7 27. Rxd4 cxd4 28. Qxd4 h6 29. Qd6 Rxb7 30. Qxc7 Rxc7 31. Rc1 c5 32. Rxc4 Kf8 33. f4 Ke7 34. Kf2 Kd7 35. Ke3 Kc6 36. Kd3 Kd5 37. Kc3 Rb7 38. a5 Rb5 39. Ra4 a6 40. Ra2 Kc6 41. Kc4 Rb4+ 42. Kc3 Kb5 43. Rd2 Kxa5 44. Rd7 Re4 45. Rxf7 Re2 46. Re7 Rxh2 47. Rxe6 Rg2 48. Rg6 Kb5 49. Kd3 c4+ 50. Ke3 c3 51. e6 Rd2 52. Rxg7 Rd6 53. f5 c2 54. Rc7 Rc6 55. Rxc6 Kxc6 56. Kd2 Kd6 57. Kxc2 Ke7 58. g4 Kf6 59. Kb3 h5 60. gxh5 a5 61. Ka4 Kxf5 62. e7 Kg5 63. e8=Q Kh6 64. Qg6# 1-0


[Site "https://www.chess.com"]

[Event "Late Titled Tuesday Blitz February 8 2022"]
[White "Erigaisi Arjun"]
[Black "Dounis, Alexandros"]
[WhiteFideId "35009192"]
[BlackFideId "4213238"]
[WhiteElo "2745"]
[BlackElo "2195"]
[Result "1-0"]
[Round "02"]
[TimeControl "180+1"]
[Date "2022.02.09"]
[WhiteClock "0:02:38"]
[BlackClock "0:01:54"]

1. c4 Nf6 2. Nc3 d5 3. cxd5 Nxd5 4. g3 g6 5. Bg2 Nxc3 6. bxc3 Bg7 7. Nf3 Nc6 8. O-O O-O 9. Ba3 b6 10. Nd4 Nxd4 11. Bxa8 Bh3 12. Bg2 Bxg2 13. Kxg2 Qd5+ 14. e4 Qxe4+ 15. f3 Qd3 16. Bxe7 Re8 17. Bg5 Ne6 18. Be3 Bxc3 19. Qb3 Nd4 20. Qxc3 Qxc3 21. dxc3 Nc2 22. Bh6 1-0


[Site "https://www.chess.com"]

[Event "Late Titled Tuesday Blitz February 8 2022"]
[White "Estrada Nieto, Julian"]
[Black "Bongo Akanga Ndjila, Barthelemy"]
[WhiteFideId "5101018"]
[BlackFideId "10609431"]
[WhiteElo "2246"]
[BlackElo "1803"]
[Result "1-0"]
[Round "02"]
[TimeControl "180+1"]
[Date "2022.02.09"]
[WhiteClock "0:00:50"]
[BlackClock "0:00:03"]

1. e4 g6 2. d4 d6 3. Nc3 Bg7 4. Nf3 a6 5. a4 Nc6 6. Be2 Bg4 7. Be3 Bxf3 8. Bxf3 e5 9. Ne2 Nge7 10. O-O O-O 11. c3 Na5 12. Qd3 exd4 13. cxd4 Nac6 14. Rac1 Nb4 15. Qc4 c5 16. dxc5 dxc5 17. Rfd1 Qc8 18. Bxc5 Nec6 19. Bxf8 Qxf8 20. Nc3 Ne5 21. Qe2 Nbd3 22. Rxd3 Nxd3 23. Qxd3 Rd8 24. Nd5 f5 25. exf5 gxf5 26. g3 Kh8 27. b3 f4 28. Rc7 fxg3 29. hxg3 b5 30. axb5 axb5 31. Kg2 b4 32. Qc4 Qf5 33. Ne3 Qg5 34. Rc8 h5 35. Rxd8+ Qxd8 36. Bxh5 Qa8+ 37. Bf3 Qb8 38. Qh4+ Kg8 39. Bd5+ Kf8 40. Qh5 Qc7 41. Qf5+ Ke8 42. Qe6+ 1-0


[Site "https://www.chess.com"]

[Event "Late Titled Tuesday Blitz February 8 2022"]
[White "Fernandez Siles, Luis"]
[Black "Fier, Alexandr"]
[WhiteFideId "2209420"]
[BlackFideId "2107139"]
[WhiteElo "2212"]
[BlackElo "2569"]
[Result "0-1"]
[Round "02"]
[TimeControl "180+1"]
[Date "2022.02.09"]
[WhiteClock "0:01:04"]
[BlackClock "0:02:34"]

1. e4 Nf6 2. e5 Nd5 3. c4 Nb6 4. c5 Nd5 5. d4 d6 6. cxd6 exd6 7. Nf3 Be7 8. Bd3 O-O 9. h4 h6 10. Nc3 Nxc3 11. bxc3 Nc6 12. exd6 Bxd6 13. Be3 Bg4 14. Qd2 Qf6 15. Ng5 Rfe8 16. Kf1 Bf5 17. Nf3 Ne7 18. Bc4 c6 19. Re1 Nd5 20. Bxd5 cxd5 21. Kg1 Be4 22. Rh3 Bf5 23. Rh1 Bg4 24. Rb1 Bxf3 25. gxf3 Qxf3 26. Rxb7 Re4 0-1


[Site "https://www.chess.com"]

[Event "Late Titled Tuesday Blitz February 8 2022"]
[White "Fishbein, Alexander"]
[Black "Shevchenko, Kirill"]
[WhiteFideId "2000377"]
[BlackFideId "14129574"]
[WhiteElo "2442"]
[BlackElo "2624"]
[Result "0-1"]
[Round "02"]
[TimeControl "180+1"]
[Date "2022.02.08"]
[WhiteClock "0:00:14"]
[BlackClock "0:00:31"]

1. e4 c5 2. Nf3 d6 3. d4 cxd4 4. Nxd4 Nf6 5. Nc3 a6 6. a4 g6 7. Be2 Bg7 8. O-O O-O 9. Nb3 Nc6 10. Bg5 Be6 11. Kh1 Rc8 12. f4 Na5 13. Nxa5 Qxa5 14. Bd3 Bc4 15. Qf3 Rfe8 16. f5 Qb4 17. Rab1 Bxd3 18. cxd3 Qb3 19. Bxf6 exf6 20. Nd5 Rc2 21. fxg6 hxg6 22. Nxf6+ Bxf6 23. Qxf6 Qe6 24. Qd4 Qg4 25. Rf2 Rec8 26. Rbf1 Rxf2 27. Qxf2 Qe6 28. h3 Rc5 29. Qd4 Qe5 30. Qb4 b5 31. d4 Qxe4 32. Re1 Rc4 33. Qa5 Qd5 34. Qd8+ Kh7 35. Qf6 Rc2 36. Rg1 bxa4 37. Qh4+ Kg7 38. Qg3 Rxb2 39. Rf1 Rb3 40. Qf4 Rxh3+ 41. Kg1 Rh5 42. Qf6+ Kh7 43. Re1 Rf5 44. Qh4+ Kg7 45. Re8 Rh5 46. Qf4 a3 47. Re3 a2 48. Ra3 Rf5 49. Qh4 Rg5 50. g3 Rh5 51. Qf4 Qh1+ 0-1


[Site "https://www.chess.com"]

[Event "Late Titled Tuesday Blitz February 8 2022"]
[White "Gaisinsky, Adam"]
[Black "Vovk, Orest"]
[WhiteFideId "2620561"]
[BlackFideId "14113490"]
[WhiteElo "1965"]
[BlackElo "2203"]
[Result "1/2-1/2"]
[Round "02"]
[TimeControl "180+1"]
[Date "2022.02.09"]
[WhiteClock "0:00:17"]
[BlackClock "0:00:09"]

1. d4 e5 2. dxe5 Nc6 3. Nf3 Qe7 4. Bg5 Qb4+ 5. Bd2 Qxb2 6. Nc3 Bb4 7. Rb1 Qxc3 8. Bxc3 Bxc3+ 9. Nd2 Nxe5 10. e3 Nf6 11. Bd3 d5 12. O-O O-O 13. h3 c6 14. Rb3 Ba5 15. Nf3 Nxf3+ 16. Qxf3 b5 17. e4 dxe4 18. Bxe4 Nxe4 19. Qxe4 Be6 20. Rbb1 Bd5 21. Qh4 Bc3 22. a4 b4 23. Rfd1 a5 24. Rd3 Bf6 25. Qf4 Ba2 26. Rbd1 c5 27. Rg3 Kh8 28. Rd6 Bb2 29. Rc6 c4 30. Rc7 c3 31. Qd4 Rg8 32. Rg4 Rad8 33. Qe5 Be6 34. Rh4 Rd5 35. Qe4 h6 36. Qf4 Kh7 37. Qe4+ Kh8 38. Qe3 h5 39. Rc5 Rxc5 40. Qxc5 g6 41. Qe5+ Rg7 42. Qb8+ Kh7 43. g4 b3 44. gxh5 g5 45. Rd4 bxc2 46. Rd8 c1=Q+ 47. Kh2 Qf4+ 48. Qxf4 gxf4 49. h6 c2 50. h4 c1=Q 51. hxg7 Kxg7 52. h5 f3 53. h6+ Kf6 54. Kg3 Qg5+ 55. Kxf3 Bd5+ 56. Ke2 Bc4+ 57. Ke1 Qe5+ 58. Kd1 Bc3 59. h7 Qe1+ 60. Kc2 Qe4+ 61. Kxc3 Qxh7 62. Kxc4 Qc2+ 63. Kb5 Qc3 64. Rd6+ Kg7 65. Rc6 Qb4+ 66. Ka6 Qxa4 67. Rb6 Qb4 68. Rb5 Qxb5+ 69. Kxb5 Kf6 70. Kxa5 Ke5 71. Kb4 Ke4 72. Kc4 f5 73. Kc3 Kf3 74. Kd4 f4 75. Ke5 Kg4 76. Ke4 Kg5 77. f3 Kg6 78. Ke5 Kg5 79. Ke4 Kg6 80. Kxf4 Kf6 81. Kg4 Kg6 82. Kf4 Kf6 83. Ke4 Ke6 84. Kd4 Kf5 85. Ke3 Ke5 86. Kf2 Kf4 87. Kg2 Kg5 88. Kg3 Kf5 89. f4 Kf6 90. Kg4 Kg6 91. f5+ Kf6 92. Kf4 Ke7 93. Kg5 Kf7 94. Kh5 Kf6 95. Kg4 Kf7 96. Kf3 Kf6 97. Kf4 Kf7 98. Ke5 Ke7 99. f6+ Kf7 100. Kf5 Kf8 101. Kf4 Kf7 102. Kg5 Kf8 103. Kg6 Kg8 104. Kh6 Kf7 105. Kg5 Kf8 106. Kf5 Kf7 107. Ke5 Kf8 108. Ke6 Ke8 109. Kd6 Kf7 110. Ke5 Kf8 111. Ke6 Ke8 112. Kd5 Kf7 113. Ke5 1/2-1/2


[Site "https://www.chess.com"]

[Event "Late Titled Tuesday Blitz February 8 2022"]
[White "Garagulya, Konstantin"]
[Black "Yeletsky, Ivan"]
[WhiteFideId "4128931"]
[BlackFideId "24180327"]
[WhiteElo "2329"]
[BlackElo "2348"]
[Result "1-0"]
[Round "02"]
[TimeControl "180+1"]
[Date "2022.02.09"]
[WhiteClock "0:01:03"]
[BlackClock "0:02:27"]

1. d4 Nf6 2. Nf3 Nc6 3. Bf4 e6 4. Nbd2 d5 5. h3 Bd6 6. e3 Bxf4 7. exf4 Qd6 8. g3 Qb4 9. c4 dxc4 10. Bxc4 Qxb2 11. Rb1 Qa3 12. Ne5 Nxd4 13. O-O O-O 14. Nb3 Nf5 15. Qc2 1-0


[Site "https://www.chess.com"]

[Event "Late Titled Tuesday Blitz February 8 2022"]
[White "Garcia Martin, Marta"]
[Black "Vifleemskaia, Svetlana"]
[WhiteFideId "32084030"]
[BlackFideId "4129490"]
[WhiteElo "2102"]
[BlackElo "1901"]
[Result "1-0"]
[Round "02"]
[TimeControl "180+1"]
[Date "2022.02.09"]
[WhiteClock "0:00:52"]
[BlackClock "0:00:04"]

1. d4 Nf6 2. Nf3 d5 3. e3 c5 4. Be2 Nc6 5. O-O e6 6. b3 Be7 7. Bb2 O-O 8. Nbd2 Ne4 9. c4 Nxd2 10. Qxd2 cxd4 11. exd4 Bf6 12. Rad1 dxc4 13. bxc4 Qa5 14. Bc3 Qa4 15. d5 Bxc3 16. Qxc3 Na5 17. Rd4 b6 18. Bd3 g6 19. Rh4 f6 20. Rh6 Kg7 21. Qd2 exd5 22. Rh4 h5 23. cxd5 Qa3 24. Re1 Qd6 25. Rhe4 Rf7 26. Re8 Qxd5 27. Rh8 g5 28. Ree8 1-0


[Site "https://www.chess.com"]

[Event "Late Titled Tuesday Blitz February 8 2022"]
[White "Garriga Cazorla, Pere"]
[Black "Rangel, Daniel"]
[WhiteFideId "32011601"]
[BlackFideId "2124475"]
[WhiteElo "2458"]
[BlackElo "2187"]
[Result "1-0"]
[Round "02"]
[TimeControl "180+1"]
[Date "2022.02.09"]
[WhiteClock "0:01:33"]
[BlackClock "0:00:19"]

1. Nf3 Nf6 2. c4 g6 3. Nc3 Bg7 4. e4 O-O 5. d4 d6 6. h3 Nc6 7. Be3 e5 8. d5 Ne7 9. g4 c6 10. Nd2 a6 11. a4 a5 12. Be2 Nd7 13. h4 Nc5 14. h5 Bd7 15. Kf1 Qc8 16. Bxc5 dxc5 17. d6 Qe8 18. dxe7 Qxe7 19. Bf3 Rad8 20. Qe2 Be6 21. Nb3 b6 22. Kg2 Rd6 23. Rad1 Rfd8 24. Rxd6 Rxd6 25. Rd1 f6 26. Rxd6 Qxd6 27. Nd2 Bh6 28. Nb3 Bf4 29. hxg6 hxg6 30. g5 Bxg5 31. Bg4 Bf7 32. Na1 Qd4 33. Nc2 Qxc4 34. Qxc4 Bxc4 35. Bd7 Bc1 36. Bxc6 Bxb2 37. Bd5+ Bxd5 38. Nxd5 Kf7 39. Nxb6 Bc3 40. Kf3 Ke6 41. Nc4 Bb4 42. N2e3 f5 43. Nd5 g5 44. Nxb4 axb4 45. exf5+ Kd5 46. Ne3+ Kd4 47. Ke2 c4 48. a5 c3 49. a6 b3 50. a7 b2 51. a8=Q 1-0


[Site "https://www.chess.com"]

[Event "Late Titled Tuesday Blitz February 8 2022"]
[White "Gledura, Benjamin"]
[Black "Meduri, Aakaash"]
[WhiteFideId "712779"]
[BlackFideId "2032252"]
[WhiteElo "2326"]
[BlackElo "2047"]
[Result "1-0"]
[Round "02"]
[TimeControl "180+1"]
[Date "2022.02.09"]
[WhiteClock "0:00:28"]
[BlackClock "0:00:07"]

1. d4 f5 2. Bg5 h6 3. Bh4 g5 4. Bg3 Nf6 5. e3 Bg7 6. c4 d6 7. Nc3 Be6 8. h4 g4 9. Bd3 c6 10. Nge2 Qd7 11. Qc2 O-O 12. Nf4 Na6 13. a3 Nh7 14. O-O d5 15. cxd5 cxd5 16. Ncxd5 Rac8 17. Nc3 Bc4 18. Bxc4+ Rxc4 19. Qb3 Rc8 20. Nb5 e5 21. dxe5 Bxe5 22. Nxa7 Rc7 23. Rad1 Qf7 24. Nb5 R7c6 25. Rd8+ Nf8 26. Nd4 Nc5 27. Qa2 Bxd4 28. exd4 Ne4 29. d5 Rc8 30. Ne6 Rxd8 31. Qxc4 Nxg3 32. Nxd8 Qd7 33. fxg3 Qxd8 34. Rxf5 1-0


[Site "https://www.chess.com"]

[Event "Late Titled Tuesday Blitz February 8 2022"]
[White "Golubenko, Valentina"]
[Black "Lin, Dachey"]
[WhiteFideId "4501993"]
[BlackFideId "2029650"]
[WhiteElo "2164"]
[BlackElo "2736"]
[Result "0-1"]
[Round "02"]
[TimeControl "180+1"]
[Date "2022.02.09"]
[WhiteClock "0:00:31"]
[BlackClock "0:00:33"]

1. d4 g6 2. g3 Bg7 3. Bg2 c5 4. d5 Nf6 5. c4 O-O 6. Nc3 e6 7. Nf3 exd5 8. cxd5 d6 9. O-O Re8 10. Qc2 Na6 11. e4 b5 12. Re1 Nb4 13. Qd1 c4 14. Nd4 a6 15. Nc6 Nxc6 16. dxc6 Bg4 17. f3 Be6 18. Nd5 Bxd5 19. exd5 Qb6+ 20. Kf1 Rxe1+ 21. Kxe1 Qg1+ 22. Bf1 Re8+ 23. Kd2 Qf2+ 24. Be2 Nxd5 25. Qf1 c3+ 26. Kd1 Qxf1+ 27. Bxf1 cxb2 28. Bxb2 Bxb2 0-1


[Site "https://www.chess.com"]

[Event "Late Titled Tuesday Blitz February 8 2022"]
[White "Golubka, Petro"]
[Black "Ardila, Oscar Humberto"]
[WhiteFideId "14114224"]
[BlackFideId "4404742"]
[WhiteElo "2392"]
[BlackElo "1898"]
[Result "1-0"]
[Round "02"]
[TimeControl "180+1"]
[Date "2022.02.09"]
[WhiteClock "0:00:14"]
[BlackClock "0:00:01"]

1. d4 Nf6 2. Bg5 e6 3. Nd2 Be7 4. c3 c5 5. dxc5 Nc6 6. Bxf6 Bxf6 7. Ne4 O-O 8. Nf3 Be7 9. e3 Qa5 10. b4 Nxb4 11. cxb4 Qxb4+ 12. Nfd2 f5 13. Rb1 Qa5 14. Nd6 Qxc5 15. N2c4 b5 16. Rxb5 Qc6 17. Be2 Ba6 18. Bf3 Qc7 19. a4 Rab8 20. Rxb8 Rxb8 21. O-O Bxc4 22. Nxc4 Qxc4 23. Qxd7 Bf6 24. Qxa7 Rb2 25. Qa8+ Kf7 26. a5 Ra2 27. Qa7+ Kg6 28. g3 Bc3 29. Rc1 Qb3 30. a6 Qb2 31. Rf1 Be1 32. e4 f4 33. gxf4 Bd2 34. f5+ Kh6 35. fxe6 Bf4 36. e7 Qf6 37. e8=Q Qg5+ 38. Bg2 Qh4 39. h3 Qg5 40. Qe6+ g6 41. Qg4 1-0


[Site "https://www.chess.com"]

[Event "Late Titled Tuesday Blitz February 8 2022"]
[White "Golubovskis, Maksims"]
[Black "Jarocka, Liwia"]
[WhiteFideId "11608528"]
[BlackFideId "21807558"]
[WhiteElo "2066"]
[BlackElo "1896"]
[Result "0-1"]
[Round "02"]
[TimeControl "180+1"]
[Date "2022.02.09"]
[WhiteClock "0:00:00"]
[BlackClock "0:02:08"]

1. e4 b6 2. d4 Bb7 3. Bd3 Nf6 4. Qe2 d6 5. Nc3 e5 6. d5 Be7 7. Nf3 c6 8. dxc6 Nxc6 9. Bb5 O-O 10. O-O a6 11. Ba4 b5 12. Bb3 Na5 13. Bg5 Nxb3 14. axb3 Rc8 15. Rad1 Ne8 16. Bxe7 Qxe7 17. Nd5 Bxd5 18. Rxd5 Nc7 19. Rd2 Ne6 20. Ra1 Rc6 21. g3 Rfc8 22. c3 Nc5 23. b4 Nb3 24. Rdd1 Nxa1 25. Rxa1 Qe6 26. Nd2 d5 27. exd5 Qxd5 0-1


[Site "https://www.chess.com"]

[Event "Late Titled Tuesday Blitz February 8 2022"]
[White "Gomez Ledo, Roberto Carlos"]
[Black "Howell, David W L"]
[WhiteFideId "3507076"]
[BlackFideId "410608"]
[WhiteElo "2379"]
[BlackElo "2559"]
[Result "0-1"]
[Round "02"]
[TimeControl "180+1"]
[Date "2022.02.08"]
[WhiteClock "0:00:04"]
[BlackClock "0:00:04"]

1. d4 e6 2. Bf4 d5 3. e3 Bd6 4. Bg3 c5 5. c3 Nf6 6. Nd2 Qc7 7. dxc5 Qxc5 8. Ngf3 O-O 9. Bd3 b6 10. e4 Bxg3 11. hxg3 h6 12. e5 Ng4 13. Qe2 Nd7 14. Rh4 f5 15. exf6 Ndxf6 16. Nb3 Qc7 17. O-O-O e5 18. Bc2 a5 19. Nh2 Nxh2 20. Rxh2 a4 21. Nd2 a3 22. Rdh1 axb2+ 23. Kxb2 Bg4 24. f3 Be6 25. g4 d4 26. c4 Qc5 27. g5 Qa3+ 28. Kb1 Qxa2+ 29. Kc1 Qa3+ 30. Kd1 Qa1+ 31. Nb1 d3 32. Bxd3 Rfd8 33. Ke1 e4 34. fxe4 Ng4 35. e5 Ra2 36. Qe4 Rxd3 37. Qxd3 Qxe5+ 38. Kd1 Nf2+ 39. Kc1 Nxd3+ 0-1


[Site "https://www.chess.com"]

[Event "Late Titled Tuesday Blitz February 8 2022"]
[White "Gracia Alvarez, Gerardo Antonio"]
[Black "Lenderman, Aleksandr"]
[WhiteFideId "5109124"]
[BlackFideId "2021285"]
[WhiteElo "2139"]
[BlackElo "2651"]
[Result "0-1"]
[Round "02"]
[TimeControl "180+1"]
[Date "2022.02.09"]
[WhiteClock "0:00:03"]
[BlackClock "0:00:29"]

1. e4 c6 2. c4 d5 3. cxd5 cxd5 4. exd5 Nf6 5. Qa4+ Nbd7 6. Nc3 g6 7. Bc4 Bg7 8. d3 O-O 9. Nf3 a6 10. Qa3 Nb6 11. Qb3 Bg4 12. Ne5 Qc7 13. O-O Nxc4 14. Nxc4 b5 15. Ne3 Bd7 16. Bd2 Qb7 17. a4 e6 18. axb5 axb5 19. dxe6 Bxe6 20. Qxb5 Qc7 21. Rfc1 Rab8 22. Qa6 Qd7 23. Rcb1 Rfd8 24. b4 Qxd3 25. Qxd3 Rxd3 26. Be1 Nd7 27. Ra3 Nb6 28. Nb5 Rd7 29. Ra7 Rxa7 30. Nxa7 Bd7 31. b5 Na4 32. Ba5 Bd4 33. Rd1 Bxa7 34. Rxd7 Bxe3 35. fxe3 Rxb5 36. Bd2 Kg7 37. Rd4 Nc5 38. Bc3 f6 39. Kf2 Kf7 40. Kf3 Ke6 41. Rb4 Rxb4 42. Bxb4 Nd3 43. Bc3 Nc5 44. e4 Nd7 45. Ke3 Nb8 46. Bd4 Nc6 47. Bc3 Ne7 48. g3 Nc8 49. Bd4 Nd6 50. Bc3 Nf7 51. Bd4 Ng5 52. h4 Nf7 53. Bc3 Nh6 54. Kf4 Nf7 55. Bd4 Nd8 56. Bc3 Nc6 57. Bb2 Nb4 58. Bd4 Nd3+ 59. Ke3 Nb4 60. Kf4 Nc6 61. Bc3 Na7 62. Ke3 Nb5 63. Bb2 Nd6 64. Kf4 Nf7 65. Bc3 h5 66. g4 g5+ 67. hxg5 fxg5+ 68. Kg3 h4+ 69. Kh3 Nd6 70. e5 Nc4 71. Bd4 Nxe5 72. Be3 Kf6 73. Bd4 Ke6 74. Be3 Nf7 75. Bd2 Kf6 76. Bc3+ Kg6 77. Bd2 Nd8 78. Be3 Ne6 79. Bd2 Nc5 80. Be3 Ne4 81. Bc1 Nf2+ 82. Kg2 Nxg4 83. Kh3 Kh5 84. Bb2 Ne3 85. Bc1 g4+ 86. Kh2 Nf5 87. Bf4 Nd4 88. Be5 Nf3+ 0-1


[Site "https://www.chess.com"]

[Event "Late Titled Tuesday Blitz February 8 2022"]
[White "Hamley, Ryan"]
[Black "Clawitter, Craig"]
[WhiteFideId "30959497"]
[BlackFideId "2023105"]
[WhiteElo "2471"]
[BlackElo "2194"]
[Result "1-0"]
[Round "02"]
[TimeControl "180+1"]
[Date "2022.02.09"]
[WhiteClock "0:01:14"]
[BlackClock "0:00:01"]

1. e4 e6 2. d4 d5 3. Nc3 Bb4 4. e5 c5 5. a3 Bxc3+ 6. bxc3 Ne7 7. Qg4 Qc7 8. Bd3 c4 9. Be2 Qa5 10. Bd2 Nf5 11. h4 Nc6 12. h5 h6 13. Qf4 Bd7 14. g4 Nfe7 15. Nf3 f6 16. exf6 Rf8 17. g5 hxg5 18. Nxg5 Rxf6 19. Qd6 Nf5 20. Qh2 O-O-O 21. Nf3 Be8 22. Ne5 Nd6 23. f3 Rf5 24. Qg3 Rxh5 25. Rxh5 Bxh5 26. Qxg7 Nf5 27. Qf6 Nxe5 28. Qxe6+ Nd7 29. Qxf5 Rh8 30. Kf2 Qc7 31. Rh1 1-0


[Site "https://www.chess.com"]

[Event "Late Titled Tuesday Blitz February 8 2022"]
[White "Hess, Robert"]
[Black "Yang, Kaiqi"]
[WhiteFideId "2022036"]
[BlackFideId "8604398"]
[WhiteElo "2557"]
[BlackElo "2373"]
[Result "0-1"]
[Round "02"]
[TimeControl "180+1"]
[Date "2022.02.08"]
[WhiteClock "0:00:01"]
[BlackClock "0:00:18"]

1. b3 e5 2. Bb2 Nc6 3. e3 Nf6 4. d3 d5 5. Nd2 Bd6 6. Ne2 O-O 7. h3 Re8 8. g4 e4 9. d4 Ne7 10. c4 c6 11. Qc2 Ng6 12. O-O-O Nh4 13. Kb1 a5 14. Nc3 h6 15. Be2 Be6 16. Rhg1 Nh7 17. Rc1 Ng5 18. Rh1 Bf8 19. cxd5 Bxd5 20. Nxd5 cxd5 21. Qc7 Qf6 22. Qg3 Ngf3 23. Nxf3 exf3 24. Bb5 Rec8 25. Qe5 Qg6+ 26. Ka1 Rc2 27. Qg3 Be7 28. Rxc2 Qxc2 29. Rc1 Qd2 30. a4 Rd8 31. Ka2 Qb4 32. Qc7 Bg5 33. Qxb7 Qd2 34. Qc7 Qxf2 0-1


[Site "https://www.chess.com"]

[Event "Late Titled Tuesday Blitz February 8 2022"]
[White "Hoffmann, Asa"]
[Black "Sargsyan, Anna M."]
[WhiteFideId "2001470"]
[BlackFideId "13308130"]
[WhiteElo "2117"]
[BlackElo "2271"]
[Result "1-0"]
[Round "02"]
[TimeControl "180+1"]
[Date "2022.02.09"]
[WhiteClock "0:00:19"]
[BlackClock "0:00:01"]

1. d4 d5 2. Bg5 f6 3. Bf4 Nc6 4. e3 h5 5. h4 e5 6. Bg3 a6 7. c4 Bb4+ 8. Nc3 exd4 9. exd4 dxc4 10. Nf3 Bg4 11. d5 Ne5 12. Qa4+ b5 13. Qxb4 Nxf3+ 14. gxf3 Bxf3 15. Rg1 Ne7 16. Qc5 Nxd5 17. Nxd5 Qxd5 18. Qxd5 Bxd5 19. Bxc7 Kf7 20. Bf4 Bf3 21. Be3 Rac8 22. Bg2 Bg4 23. a4 b4 24. a5 Rhe8 25. Bb7 Rc7 26. Bxa6 c3 27. bxc3 bxc3 28. Rc1 Ra8 29. Be2 Bxe2 30. Kxe2 Rxa5 31. Rc2 Ra4 32. Rgc1 Rxh4 33. Rxc3 Rxc3 34. Rxc3 Ra4 35. Kf3 g5 36. Kg3 Kg6 37. Rc6 Rb4 38. Bb6 Rf4 39. Bd8 Rf5 40. f3 h4+ 41. Kg2 Rf4 42. Be7 Kf7 43. Bd8 Rf5 44. Bb6 Rd5 45. Be3 Kg6 46. Bc5 Rd2+ 47. Kh3 Rc2 48. Rc7 Rc3 49. Kg2 h3+ 50. Kxh3 Rxf3+ 51. Kg2 Rc3 52. Bd6 Rd3 53. Be7 f5 54. Rc6+ Kh5 55. Rc5 Kg4 56. Rc8 Rd2+ 57. Kf1 f4 58. Rg8 Kf3 59. Kg1 g4 60. Rd8 Re2 61. Bb4 g3 62. Rd3+ Kg4 63. Rd4 Kf3 64. Bd2 1-0


[Site "https://www.chess.com"]

[Event "Late Titled Tuesday Blitz February 8 2022"]
[White "Holt, Conrad"]
[Black "Taichman, Ori"]
[WhiteFideId "2034387"]
[BlackFideId "2804069"]
[WhiteElo "2821"]
[BlackElo "2566"]
[Result "0-1"]
[Round "02"]
[TimeControl "180+1"]
[Date "2022.02.09"]
[WhiteClock "0:00:05"]
[BlackClock "0:00:06"]

1. d4 Nf6 2. c4 g6 3. Nc3 Bg7 4. e4 O-O 5. Nf3 d6 6. h3 e5 7. dxe5 dxe5 8. Qxd8 Rxd8 9. Bg5 Re8 10. Nd5 Nxd5 11. cxd5 c6 12. Bc4 cxd5 13. Bxd5 Na6 14. Ke2 Nc7 15. Bb3 Ne6 16. Rhd1 a5 17. Ba4 b5 18. Bxb5 Nxg5 19. Nxg5 Rf8 20. Rac1 Rb8 21. a4 Bh6 22. h4 f6 23. Nf3 Bxc1 24. Rxc1 Bg4 25. Rc7 Rfc8 26. Ra7 Rc2+ 27. Ke3 Rxb2 28. Bc4+ Kh8 29. Rxa5 Bd7 30. Ra6 R8b4 31. Bd3 Kg7 32. a5 Rb7 33. Rd6 Ra2 34. a6 Ra7 35. Nd2 Bc8 36. h5 gxh5 37. Nb3 Bxa6 38. Nc5 Bxd3 39. Nxd3 R7a3 40. Rd7+ Kg6 41. g3 Rb3 42. Rd8 Raa3 43. Ke2 Rxd3 44. Rxd3 Rxd3 45. Kxd3 Kg5 46. Ke2 h4 47. Kf3 h3 48. g4 Kh4 0-1


[Site "https://www.chess.com"]

[Event "Late Titled Tuesday Blitz February 8 2022"]
[White "Horvath, Dominik"]
[Black "Kouskoutis, Georgios-Alexandros"]
[WhiteFideId "1642561"]
[BlackFideId "4234049"]
[WhiteElo "2810"]
[BlackElo "2559"]
[Result "1-0"]
[Round "02"]
[TimeControl "180+1"]
[Date "2022.02.09"]
[WhiteClock "0:00:49"]
[BlackClock "0:00:03"]

1. e4 c5 2. Nf3 e6 3. d4 cxd4 4. Nxd4 Nc6 5. Nc3 Qc7 6. Be3 a6 7. Qf3 b5 8. Qg3 Qxg3 9. hxg3 Bb7 10. Nxc6 Bxc6 11. f3 Ne7 12. a4 b4 13. Na2 Ng6 14. Nc1 d5 15. exd5 Bxd5 16. a5 Bd6 17. Kf2 O-O 18. Nb3 Rfc8 19. Bd3 f5 20. f4 Bc4 21. Rac1 Bxd3 22. cxd3 h6 23. Rc4 Ne7 24. Rhc1 Kf7 25. Bc5 Bxc5+ 26. Rxc5 Rd8 27. d4 Rd7 28. Ke3 Rad8 29. Kd3 g5 30. Rc7 Kf6 31. Rxd7 Rxd7 32. Rc4 Nd5 33. fxg5+ hxg5 34. Rc6 Ne7 35. Rxa6 f4 36. gxf4 gxf4 37. Nc5 Rd5 38. Rxe6+ Kf7 39. Re5 Rxe5 40. dxe5 Nc6 41. e6+ Ke7 42. a6 Kd6 43. Kc4 b3 44. Nxb3 Kxe6 45. Kb5 Na7+ 46. Kb6 Nc8+ 47. Kc7 Nd6 48. Nd4+ Kd5 49. a7 1-0


[Site "https://www.chess.com"]

[Event "Late Titled Tuesday Blitz February 8 2022"]
[White "Ishbaev, Alibek"]
[Black "Aradhya, Garg"]
[WhiteFideId "14205017"]
[BlackFideId "25006746"]
[WhiteElo "2378"]
[BlackElo "2169"]
[Result "1/2-1/2"]
[Round "02"]
[TimeControl "180+1"]
[Date "2022.02.09"]
[WhiteClock "0:00:15"]
[BlackClock "0:00:14"]

1. c4 c6 2. e4 d5 3. exd5 cxd5 4. cxd5 Nf6 5. Nc3 Nxd5 6. Bc4 Nb6 7. Bb3 Nc6 8. Nge2 e5 9. O-O Be7 10. a4 O-O 11. a5 Nd7 12. d4 Nxa5 13. Bd5 Nc6 14. Bxc6 bxc6 15. Be3 Rb8 16. Rxa7 Rxb2 17. Qc1 Rb8 18. Rd1 Qe8 19. d5 Bc5 20. dxc6 Bxa7 21. cxd7 Bxd7 22. Bxa7 Rb7 23. Bc5 f6 24. Bxf8 Qxf8 25. Nd5 Qf7 26. Nec3 h5 27. Qa3 Be6 28. h3 f5 29. Qd6 Rd7 30. Qxe5 Kh7 31. Rd4 Rd8 32. Nf4 Rxd4 33. Qxd4 Bc4 34. h4 Ba6 35. Nh3 Qf6 36. Ng5+ Kg6 37. Qxf6+ Kxf6 38. Nd5+ Ke5 39. f4+ Kxd5 40. g3 Bc4 41. Kf2 Kd4 42. Nf3+ Ke4 43. Ne5 Bd5 44. Nf3 Kd3 45. Ng5 Kd2 46. Nh7 Bg8 47. Nf8 Bd5 48. Nd7 Kd3 49. Ne5+ Kd4 50. Ke2 Bc4+ 51. Kd2 Bd5 52. Ke2 Ke4 53. Nf3 Bb7 54. Ng5+ Kd5 55. Ke3 Ba6 56. Nf3 Bb5 57. Nd4 Bd7 58. Ne2 Kc4 59. Ng1 Kc3 60. Nf3 Kc2 61. Ne5 Be8 62. Kd4 Kd2 63. Nc4+ Ke2 64. Ke5 Bd7 65. Nd6 Kf3 66. Nxf5 Bxf5 67. Kxf5 Kxg3 68. Kg5 g6 69. Kxg6 Kxf4 70. Kxh5 Kf5 71. Kh6 Kf6 72. Kh7 Kf7 73. Kh6 Kg8 74. Kg5 Kh8 75. h5 Kg7 76. h6+ Kh7 77. Kh5 Kh8 78. Kg6 Kg8 79. h7+ Kh8 80. Kh6 1/2-1/2


[Site "https://www.chess.com"]